Cogmind - Beta 11.1 @@@ ROGUE MODE // 2022.05.24 @ 17:34:23 Player: Zach Result: Destroyed by S-10 Pest with Light Assault Rifle Performance ------------- Evolutions (1) 500 Regions Visited (4) 800 Robots Destroyed (14) 70 Value Destroyed (322) 322 Prototype IDs (1) 20 Alien Tech Used (0) 0 Bonus (0) 0 TOTAL SCORE: 1712 Bonus ------- None Cogmind --------- Core Integrity 0/400 Matter 300/300 Energy 100/100 System Corruption 0% Temperature Cool (0) Movement Core (100) Ox1 Location -9/Mines Parts ------- > --- POWER (1) -------- (None) > --- PROPULSION (2) --- (None) > --- UTILITY (3) ------ Heat Sink Targeting Computer > --- WEAPON (3) ------- Particle Gun > --- INVENTORY (5) ---- Ion Engine Improved Ion Engine Aluminum Leg Heavy Assault Rifle Improved Assault Rifle Peak State ------------ > --- POWER ------------ Ion Engine > --- PROPULSION ------- Aluminum Leg Aluminum Leg > --- UTILITY ---------- Small Storage Unit Targeting Computer Hardened Light Armor Plating > --- WEAPON ----------- Heavy EM Pulse Gun Particle Gun Advanced Beam Cannon > --- INVENTORY -------- Light Ion Engine Improved Ion Engine Light Treads Light Treads Aluminum Leg Aluminum Leg Small Laser Particle Gun [Rating: 15] Favorites ----------- Power Ion Engine Engine Ion Engine Propulsion Aluminum Leg Treads Light Treads Leg Aluminum Leg Utility Targeting Computer Device Heat Sink Storage Small Storage Unit Processor Targeting Computer Protection Hardened Light Armor Plating Weapon Particle Gun Energy Gun Particle Gun Energy Cannon Advanced Beam Cannon Ballistic Gun Heavy Assault Rifle Build | -11 -10 -10 -9 -9 ------- Run | Scr Mat Min Mat Min Slots Evolved 2 | . . . 2 . Power . | . . . . . Propulsion . | . . . . . Utility 1 | . . . 1 . Weapon 1 | . . . 1 . Parts Attached 21 | 5 2 3 11 . Power 2 | 1 . . 1 . Engine 2 | 1 . . 1 . Core . | . . . . . Reactor . | . . . . . Propulsion 6 | 2 . 1 3 . Treads 2 | . . . 2 . Leg 4 | 2 . 1 1 . Wheel . | . . . . . Hover . | . . . . . Flight . | . . . . . Utility 5 | 1 1 . 3 . Device 1 | . . . 1 . Storage 2 | 1 . . 1 . Processor 1 | . 1 . . . Hackware . | . . . . . Protection 1 | . . . 1 . Artifact . | . . . . . Weapon 8 | 1 1 2 4 . Energy Gun 6 | 1 1 1 3 . Energy Cannon 1 | . . 1 . . Ballistic Gun 1 | . . . 1 . Ballistic Cannon . | . . . . . Launcher . | . . . . . Special Weapon . | . . . . . Impact Weapon . | . . . . . Slashing Weapon . | . . . . . Piercing Weapon . | . . . . . Special Melee Weapon . | . . . . . Unidentified Prototypes 1 | . . 1 . . Parts Lost 10 | . . 1 4 5 Power 1 | . . . . 1 Propulsion 3 | . . . 1 2 Utility 2 | . . . 1 1 Weapon 4 | . . 1 2 1 Highest Loss Streak 4 | . . 1 4 3 To Critical Strikes . | . . . . . Average Slot Usage (%) 91 | . 97 99 92 68 Engine 11 | . 14 14 11 3 Treads 3 | . . . 2 19 Leg 19 | . 28 28 19 . Device 1 | . . . . 11 Storage 11 | . 14 14 11 3 Processor 11 | . 12 14 11 11 Protection 6 | . . . 9 . Energy Gun 18 | . 26 14 17 19 Energy Cannon 5 | . . 13 5 . Ballistic Gun 2 | . . . 4 . Naked Turns . | . . . . . Heaviest Build 39 | 11 12 17 39 28 Greatest Support 40 | 20 20 20 40 40 Greatest Overweight (x) 3 | 3 . . 3 . Average Overweight (x) . | . . . . . Largest Inventory Capacity 15 | 8 8 8 15 15 Average Capacity 9 | 7 8 8 10 8 Most Carried 8 | 5 8 8 8 6 Average Carried 6 | 3 5 6 7 5 Final Capacity 15 | 8 8 8 15 5 Final Carried 8 | 5 8 7 6 5 Class Distribution -------------------- 72% | Mutant 27% | Gunner Dominant Class ---------------- Mutant | -10/Materials Mutant | -10/Mines Mutant | -9/Materials Mutant | -9/Mines Resources | -11 -10 -10 -9 -9 ----------- Run | Scr Mat Min Mat Min Matter Collected 446 | 250 . 60 136 . Remotely . | . . . . . Salvage Created 537 | 87 . 69 381 . Parts 32 | 3 . 4 25 . Haulers Intercepted . | . . . . . Recyclers Shooed . | . . . . . Parts Field Recycled . | . . . . . Retrieved Matter . | . . . . . Parts Self-Destructed . | . . . . . Prevented . | . . . . . Kills | -11 -10 -10 -9 -9 ------- Run | Scr Mat Min Mat Min Combat Hostiles Destroyed 10 | . . 2 8 . Guns 10 | . . 2 8 . Classes Destroyed 5 | 1 . 1 3 . Recycler 2 | 1 . . 1 . Watcher 2 | . . . 2 . Swarmer 4 | . . . 4 . Grunt 5 | . . 2 3 . Sentry 1 | . . . 1 . Best Kill Streak 7 | 1 . 2 7 . Combat Bots Only 6 | . . 2 6 . Max Kills in Single Turn 2 | 1 . 1 2 . Gunslinging . | . . . . . Exploded . | . . . . . Melee . | . . . . . Uniques/NPCs Destroyed . | . . . . . Combat | -11 -10 -10 -9 -9 -------- Run | Scr Mat Min Mat Min Damage Taken 1501 | . . 76 740 685 Core 400 | . . . 205 195 Absorbed by Shields . | . . . . . Core Remaining (%) 100 | 100 . 100 . . Volleys Fired 26 | 5 . 3 18 . Largest 3 | 1 . 2 3 . Hottest 178 | 40 . 133 178 . Shots Fired 59 | 5 . 6 48 . Gun 53 | 5 . 3 45 . Cannon 6 | . . 3 3 . Launcher . | . . . . . Special . | . . . . . Kinetic 13 | . . . 13 . Thermal 34 | 5 . 6 23 . Explosive . | . . . . . Electromagnetic 12 | . . . 12 . Robot Hit Streak 13 | 3 . 5 13 . Robot Miss Streak 7 | 1 . . 7 . Penetration Max . | . . . . . Secondary Targets . | . . . . . Shots Hit Robots 35 | 4 . 4 27 . Core Hits 20 | 2 . 3 14 1 Critical Kills . | . . . . . Critical Parts Destroyed . | . . . . . Critical Strikes . | . . . . . Melee Attacks . | . . . . . Impact . | . . . . . Slashing . | . . . . . Piercing . | . . . . . Sneak Attacks . | . . . . . Combat Hostiles . | . . . . . Follow-up Attacks . | . . . . . Damage Inflicted 651 | 44 . 72 534 1 Guns 609 | 44 . 52 513 . Cannons 41 | . . 20 21 . Explosions . | . . . . . Melee . | . . . . . Ramming 1 | . . . . 1 Kinetic 131 | . . . 131 . Thermal 366 | 44 . 72 250 . Explosive . | . . . . . Electromagnetic 153 | . . . 153 . Impact . | . . . . . Slashing . | . . . . . Piercing . | . . . . . Highest Corruption . | . . . . . Average Corruption . | . . . . . Corruption Purged . | . . . . . Corruption Blocked . | . . . . . Overload Shots . | . . . . . Overflow Damage . | . . . . . Projectiles . | . . . . . Explosions . | . . . . . Melee . | . . . . . Knockbacks . | . . . . . Impact . | . . . . . Kinetic . | . . . . . Secondary . | . . . . . Self-Inflicted Damage . | . . . . . Shots . | . . . . . Rammed 3 | . . . . 3 Targets Rammed 3 | . . . . 3 Kicked . | . . . . . Crushed . | . . . . . Highest Temperature 585 | . . 243 585 . Average Temperature 226 | . . 126 243 . Received Heat Transfer 453 | . . 42 156 255 Effects 17 | . . . 17 . Shutdowns 3 | . . . 3 . Energy Bleed 1 | . . . 1 . Short Circuit 3 | . . . 3 . Damage (minor) 1 | . . . 1 . Damage (major) 7 | . . . 7 . Damage (core) 2 | . . . 2 . Siege Activations . | . . . . . Robots Corrupted . | . . . . . Combat Hostiles . | . . . . . Parts Fried 1 | . . . 1 . Impact Corruptions . | . . . . . Robots Melted . | . . . . . Combat Hostiles . | . . . . . Parts Melted 3 | . . 1 2 . Heat Transferred 816 | 100 . 148 568 . Parts Sabotaged . | . . . . . Parts Stolen . | . . . . . Parts Stripped . | . . . . . Power Chain Reactions . | . . . . . Missiles Intercepted . | . . . . . Alert | -11 -10 -10 -9 -9 ------- Run | Scr Mat Min Mat Min Peak Influence 158 | 5 18 50 158 61 Initial 61 | . 3 6 19 61 Average 47 | . 3 47 65 43 Maximum Alert Level . | . . . . . Low Security (%) 100 | 100 100 100 100 100 Level 1 . | . . . . . Level 2 . | . . . . . Level 3 . | . . . . . Level 4 . | . . . . . Level 5 . | . . . . . High Security . | . . . . . Max Security . | . . . . . Squads Dispatched 1 | . 1 . . . Investigation 1 | . 1 . . . Extermination . | . . . . . Reinforcement . | . . . . . Assault . | . . . . . Garrison . | . . . . . Intercept . | . . . . . Searches Triggered . | . . . . . Construction Impeded . | . . . . . Haulers Reinforced . | . . . . . Active Scanning Responses . | . . . . . Cargo Convoy Interrupts . | . . . . . Stealth | -11 -10 -10 -9 -9 --------- Run | Scr Mat Min Mat Min Distress Signals 3 | . . . 3 . Communications Jammed . | . . . . . Distress Signals . | . . . . . Times Spotted 26 | . 2 2 15 7 Peak Tracking Total 9 | . 3 2 9 7 Tactical Retreats 1 | . . . 1 . Traps | -11 -10 -10 -9 -9 ------- Run | Scr Mat Min Mat Min Traps Triggered 1 | . 1 . . . Indirectly . | . . . . . Trap Hack Attempts . | . . . . . Triggered . | . . . . . Disarmed . | . . . . . Reprogrammed . | . . . . . Reused . | . . . . . Traps Extracted . | . . . . . Installed . | . . . . . Triggered . | . . . . . Machines | -11 -10 -10 -9 -9 ---------- Run | Scr Mat Min Mat Min Machines Disabled 1 | . . . 1 . Max in Single Turn 1 | . . . 1 . Machines Sabotaged . | . . . . . Garrisons Compromised . | . . . . . Overloaded Fab Kills . | . . . . . Hacking | -11 -10 -10 -9 -9 --------- Run | Scr Mat Min Mat Min Machines Accessed 4 | . 1 . 3 . Terminals 3 | . 1 . 2 . Fabricators . | . . . . . Repair Stations . | . . . . . Recycling Units 1 | . . . 1 . Scanalyzers . | . . . . . Garrison Access . | . . . . . Total Hacks 7 | . 2 . 5 . Successful 7 | . 2 . 5 . Failed . | . . . . . Catastrophic . | . . . . . Database Lockouts . | . . . . . Manual . | . . . . . Terminals 5 | . 2 . 3 . Fabricators . | . . . . . Repair Stations . | . . . . . Recycling Units 2 | . . . 2 . Scanalyzers . | . . . . . Garrison Access . | . . . . . Terminal Hacks 5 | . 2 . 3 . Record 3 | . 2 . 1 . Alert Level 2 | . . . 2 . Fabricator Hacks . | . . . . . Repair Station Hacks . | . . . . . Recycling Unit Hacks 2 | . . . 2 . Process 1 | . . . 1 . Report Inventory 1 | . . . 1 . Scanalyzer . | . . . . . Garrison Access Hacks . | . . . . . Unauthorized Hacks . | . . . . . Terminals . | . . . . . Fabricators . | . . . . . Repair Stations . | . . . . . Recycling Units . | . . . . . Scanalyzers . | . . . . . Garrison Access . | . . . . . Data Cores Recovered . | . . . . . Used . | . . . . . Hacking Detections 1 | . . . 1 . Full Trace Events . | . . . . . Feedback Events . | . . . . . Feedback Blocked . | . . . . . Robot Schematics Acquired . | . . . . . Robots Built . | . . . . . Authchips . | . . . . . Time . | . . . . . Total Robot Build Rating . | . . . . . Part Schematics Acquired . | . . . . . Parts Built . | . . . . . Authchips . | . . . . . Time . | . . . . . Total Part Build Rating . | . . . . . Parts Repaired . | . . . . . Time . | . . . . . Parts Recycled . | . . . . . Recycled Matter 84 | . . . 84 . Retrieved Matter . | . . . . . Retrieved Components . | . . . . . Parts Scanalyzed . | . . . . . Part Schematics Acquired . | . . . . . Parts Damaged . | . . . . . Bothacking | -11 -10 -10 -9 -9 ------------ Run | Scr Mat Min Mat Min Used RIF Installer . | . . . . . Robots Hacked . | . . . . . Non-combat . | . . . . . Combat . | . . . . . Robot Hacks Applied . | . . . . . Relay Couplers Released . | . . . . . Fabnet Peak Effective % . | . . . . . Robots Rewired . | . . . . . Allies Hacked . | . . . . . Hacks Repelled . | . . . . . Allies | -11 -10 -10 -9 -9 -------- Run | Scr Mat Min Mat Min Total Allies . | . . . . . Largest Group . | . . . . . Highest-Rated Group . | . . . . . Highest-Rated Ally . | . . . . . Total Orders . | . . . . . Ally Attacks . | . . . . . Total Damage . | . . . . . Kills . | . . . . . Allies Corrupted . | . . . . . Allies Melted . | . . . . . Intel | -11 -10 -10 -9 -9 ------- Run | Scr Mat Min Mat Min Robot Analysis Total . | . . . . . Derelict Logs Recovered . | . . . . . Drone Launches . | . . . . . Drone Recoveries . | . . . . . Exploration | -11 -10 -10 -9 -9 ------------- Run | Scr Mat Min Mat Min Turns Passed 1062 | 112 116 142 600 92 Spaces Moved 553 | 69 92 105 233 54 Core 16 | 16 . . . . Treads 78 | . . . 24 54 Legs 459 | 53 92 105 209 . Wheels . | . . . . . Hover . | . . . . . Flight . | . . . . . Fastest Speed 50 | 50 120 120 120 160 Average Speed 152 | 130 120 120 184 160 Slowest Speed 330 | 200 120 120 330 160 Overloaded Moves . | . . . . . Propulsion Burnouts . | . . . . . Robots Hopped . | . . . . . Cave-ins Triggered . | . . . . . Exploration Rate (%) 19 | 6 19 34 18 20 Regions Visited 4 Branch Regions 2 Pre-discovered Areas 1 | . . 1 . . Known Exits Taken . | . . . . . Unknown Exits Taken 4 | 1 1 1 1 . Scrap Searched . | . . . . . Spaces Dug . | . . . . . Terrain Destroyed . | . . . . . Melee . | . . . . . Projectile . | . . . . . AOE . | . . . . . Terrain Rammed . | . . . . . Walls Destroyed . | . . . . . Machines Disabled . | . . . . . Actions | -11 -10 -10 -9 -9 --------- Run | Scr Mat Min Mat Min Total 716 | 83 97 115 364 57 Wait 96 | . . 1 95 . Move 549 | 68 91 104 232 54 Hop . | . . . . . Pick Up 12 | 5 4 1 2 . Fast Attach 10 | 5 1 . 4 . Attach 8 | . 1 3 4 . Detach 2 | . . . 2 . Swap 4 | . . 1 3 . Drop 6 | . . 2 4 . Fire 26 | 5 . 3 18 . Melee . | . . . . . Ram . | . . . . . Kick . | . . . . . Crush 3 | . . . . 3 Escape Stasis . | . . . . . Rewire . | . . . . . Trap . | . . . . . Miscellaneous . | . . . . . Route ------- -11/Scrapyard -10/Materials -10/Mines -9/Materials -9/Mines History --------- Turn | Location | Event 23 | -11/Scrapyard | Discovered new exit (range 15) 113 | -11/Scrapyard | Entered Materials 174 | -10/Materials | Discovered new exit (range 8) 229 | -10/Materials | Entered Mines 304 | -10/Mines | Build established: Mutant 312 | -10/Mines | Met a Derelict bent on vengeance 361 | -10/Mines | Learned location of Storage (-8) 366 | -10/Mines | Discovered new exit (range 4) 371 | -10/Mines | Entered Materials 371 | -9/Materials | Evolved 2 slots: Utility x1, Weapon x1 827 | -9/Materials | Discovered new exit (range 12) 925 | -9/Materials | Core integrity fell below 50% 947 | -9/Materials | Lost 4 parts (1n1u2w) 971 | -9/Materials | Entered Mines 1047 | -9/Mines | Core integrity fell below 20% 1063 | -9/Mines | Destroyed by S-10 Pest with Light Assault Rifle Last Messages --------------- 00928_ K-01 Serf collects debris. 00942_ Acquired Heat Sink. 00945_ Acquired 20 matter. 00945_ K-01 Serf collects debris. 00951_ R-06 Scavenger collects Sml. Laser. 00952_ K-01 Serf collects debris. 00954_ R-06 Scavenger collects Heat Sink. 00958_ K-01 Serf collects debris. LOCATION=UNKNOWN GOAL=ESCAPE Something is scanning the area. 01002_ Lrg. Storage Unit destroyed. 01004_ Lgt. Ion Engine destroyed. 01040_ S-10 Pest destroyed. 01041_ Sml. Laser destroyed. 01045_ Slammed into S-10 Pest. 01047_ Lgt. Treads destroyed. 01051_ G-34 Mercenary destroyed. 01053_ Slammed into T-07 Excavator. 01062_ Lgt. Treads destroyed. Map ----- +----------------------------------------------------+ | ????????????????????????????????# """ #?? | | ????????????????????????????????# """ #?? | | ????????????????????????????????# #?? | | ????????????????????????????????# #?? | | ????????????????????????????????# #?? | | ????????????????????????????????# #?? | | ????????????????????????????????# #?? | | ????????????????????????????????# #?? | | ????????????????????????????????# #?? | | ?????????????????????????? #??###### ###?? | | ????????????????????????? #????### #???? | | ?????????????????????????? ????# ##??? | | ?????????????????????????? ????# #??? | | ?????????????????????????? t#????# #??? | | ?????????????????????????? #????## #??? | | ??????????????????????????# ????#?# #??? | | ?????????????????????????## ??? #?# #??? | | ?????????????????????????# s#??? #?# ##?? | | ?????????????????????????# #???$#?# ##? | | ????????????????????????## #??? #?## #? | | ????????????????????????# s #??# #### #? | | ????????????????????????# #??# = #? | | ????????????????????????# ##?# #### #? | | ???????????????????????## ### #??### #? | | ??????????????????????## %s g #????# #? | | ??????????????????????# @ ## % #????# #? | | ??????????????????????# ##### %######## #? | | ??????????????????????# ##???#*%## #? | | ??????????????????????# #?????#[%## #######? | | ??????????????????????# ?????##[=## #??#???? | | ??????????????????????#?????## =## # #???? | | ????????????????????????????# #??? | | ????????????????????????????# #??? | | ????????????????????????????## #??? | | ?????????????????????????????####### ##??? | | ????????????????????????????????????####???? | | ???????????????????????????????????????????? | | ???????????????????????????????????????????? | | ???????????????????????????????????????????? | | ???????????????????????????????????????????? | | ???????????????????????????????????????????? | | ???????????????????????????????????????????? | | | | | | | | | | | | | | | | | +----------------------------------------------------+ Best States ------------- Heat Dissipation 38 Energy Generation 10 Energy Capacity 250 Matter Stores 300 Matter Capacity 300 Sight Range 16 Terrain Scan Density 10 Armor Coverage 150 Evasion (%) 55 Targeting Accuracy 5 Recoil Reduction 2 Item Schematics ----------------- None Robot Schematics ------------------ None Fabricated ------------ Nothing Alien Tech Used ----------------- None Achievements -------------- None Challenges ------------ None Game ------ Seed BarrageWarpHammer Manual? 0 Play Time 00:31:05 Cumulative 34.8 hours Start 2022.05.22 @ 18:48:28 End 2022.05.24 @ 17:34:23 Sessions 5 Manual Loads 0 Difficulty Rogue Special Mode None Game No. 54 Rogue 54 Adventurer 0 Explorer 0 Win Type - Total 0 Types 0/0/0/0/0/0/0/0/0 Lore% 6 Gallery% 19 Achievement% 17 Wizard Run 0 Options --------- ASCII 0 Keyboard 1 Movement Arrows Keybinds 0 Fullscreen 1 Font 18/SmallcapsGlow Map View 76x50 Tactical HUD 1 Map Filters NONE Filters NONE Steam 1 RUN: 773a703e-dfc0-4160-8f2f-4101d2ef5cd8